 Dungeon Crawl Stone Soup version 0.29.1-1-gd02db6906a (webtiles) character file.

Game seed: 14957947158660758548

93 themarg the Conjurer (level 4, -3/24 HPs)
             Began as a Tengu Conjurer on Sept 18, 2022.
             Slain by an iguana (11 damage)
             ... on level 4 of the Dungeon.
             The game lasted 00:07:35 (2137 turns).

themarg the Conjurer (Tengu Conjurer)               Turns: 2137, Time: 00:07:36

Health: -3/24      AC:  2    Str:  8    XL:     4   Next: 62%
Magic:  5/9        EV: 12    Int: 20    God:
Gold:   167        SH:  0    Dex: 12    Spells: 5/8 levels left

rFire   . . .      SeeInvis .   d - +0 dagger
rCold   . . .      Faith    .   (no shield)
rNeg    + . .      Spirit   .   a - +0 robe
rPois   .          Reflect  .   (helmet restricted)
rElec   .          Harm     .   (no cloak)
rCorr   .          Rampage  .   (no gloves)
Will    .....                   (boots unavailable)
Stlth   ++........              (no amulet)
HPRegen 0.08/turn               l - ring of positive energy
MPRegen 0.11/turn               (no ring)

@: no status effects
A: beak, talons 3
a: no special abilities


You were on level 4 of the Dungeon.
You visited 1 branch of the dungeon, and saw 4 of its levels.

You collected 206 gold pieces.
You spent 39 gold pieces at shops.

Inventory:

Hand Weapons
 d - a +0 dagger (weapon)
Missiles
 p - 6 poisoned darts
Armour
 a - a +0 robe (worn)
Jewellery
 l - a ring of positive energy (left hand)
Scrolls
 f - a scroll of teleportation {unknown}
 j - a scroll of amnesia {unknown}
 k - a scroll of identify {unknown}
 m - a scroll of torment {unknown}
 r - a scroll of butterflies {unknown}
 s - a scroll of blinking {unknown}
 t - a scroll of poison {unknown}
Potions
 b - a potion of magic
 c - 2 potions of cancellation {unknown}
 e - a potion of lignification {unknown}
 g - a potion of mutation {unknown}
 h - a potion of brilliance {unknown}
 i - 2 potions of heal wounds {unknown}
 n - a potion of ambrosia {unknown}
 o - 4 potions of curing
 q - a potion of degeneration {unknown}


   Skills:
 - Level 3.0 Dodging
 - Level 3.0 Stealth
 + Level 2.9 Spellcasting
 + Level 6.1 Conjurations


You had 5 spell levels left.
You knew the following spells:

 Your Spells              Type           Power      Damage    Failure   Level
a - Magic Dart            Conj           100%       1d8       1%          1
b - Searing Ray           Conj           54%        2d6       1%          2

Your spell library contained the following spells:

 Spells                   Type           Power      Damage    Failure   Level
 Dazzling Flash           Conj/Hex       30%        N/A       12%         3
 Fulminant Prism          Conj/Hex       7%         3d7       38%         4
 Iskenderun's Mystic Bla  Conj/Tloc      15%        2d5       38%         4


Dungeon Overview and Level Annotations

Branches:
Dungeon (4/15)
 Temple: D:4-7

Altars:
Elyvilon

Shops:
D:3 =[:[*

Annotations:
D:3 2 transporters, safid's ghost, amateur MiHu


Innate Abilities, Weirdness & Mutations

You have a beak for a mouth.
You have claws for feet.


Message History

The searing ray hits the hound!
The hound is heavily wounded. (Press . to maintain the ray.)
The searing ray hits the hound.
The hound is severely wounded.
The hound barely misses you.
The searing ray misses the hound.
The hound closely misses you. The hound barely misses you.
The searing ray hits the hound!
You kill the hound!
You finish channelling your searing ray.
Training target 3.0 for Stealth reached!
Your Stealth skill increases to level 3!
Your Conjurations skill increases to level 6!
There is an open door here.
There is a stone staircase leading up here.
You climb upwards.
Level annotation: 2 transporters, safid's ghost, amateur MiHu
There is a stone staircase leading down here.
You start resting.
Magic restored.
You climb downwards.
The iguana closely misses you.
There is a stone staircase leading up here.
Casting: Searing Ray (safe; 1% risk of failure)
Confirm with . or Enter, or press ? or * to list all spells.
Aiming: Searing Ray (safe; 1% risk of failure)
Press: ? - help, Shift-Dir - straight line, f - iguana
Aim: an iguana (82% to hit)
The searing ray hits the iguana.
The iguana is lightly wounded. (Press . to maintain the ray.)
The iguana bites you!
Ouch! That really hurt!
The searing ray hits the iguana.
The iguana is moderately wounded.
The iguana bites you.
The searing ray hits the iguana!
The iguana is almost dead.
The iguana bites you!
You die...

#.. #.# #.#
#.# #.# #.#
#l# #@# #.#
####'####### #
#...........
#.
#...........
#..
#...........
....
##....######
..... #....#
......###....#


You could see an iguana.

Vanquished Creatures
  A hound (D:4)
  An iguana (D:3)
  A worm (D:2)
  A dart slug (D:3)
  An orc (D:3)
  A giant cockroach (D:4)
  6 goblins
  2 hobgoblins (D:1)
  3 jackals (D:3)
  2 quokkas
  3 ball pythons
  4 frilled lizards
  4 kobolds
  4 rats
34 creatures vanquished.

Notes
Turn   | Place    | Note
-------+----------+-------------------------------------------
     0 | D:1      | themarg the Tengu Conjurer began the quest for the Orb.
     0 | D:1      | Reached XP level 1. HP: 10/10 MP: 4/4
   176 | D:1      | Found a faded altar of an unknown god.
   737 | D:2      | Reached XP level 2. HP: 15/15 MP: 3/6
   740 | D:2      | Learned a level 2 spell: Searing Ray
   801 | D:2      | Found a white marble altar of Elyvilon.
  1223 | D:3      | Reached XP level 3. HP: 19/19 MP: 1/7
  1458 | D:3      | Found Pikiojausm's General Store.
  1477 | D:3      | Bought a potion of curing for 39 gold pieces
  1477 | D:3      | Found Asad's Antique Armour Shoppe.
  1491 | D:3      | Noticed safid's ghost (amateur MiHu)
  1514 | D:3      | Found Juin's Book Boutique.
  1524 | D:3      | Found a transporter.
  1528 | D:3      | Found a transporter.
  1656 | D:3      | Found Etafad's Jewellery Shop.
  1755 | D:3      | Reached XP level 4. HP: 24/24 MP: 6/8
  1883 | D:3      | Found Qyvukhlaci's Armour Shop.
  2083 | D:4      | Reached skill level 6 in Conjurations
  2137 | D:4      | Slain by an iguana

Illustrated notes

Levels and vault maps discovered:
D:1:      mushboom_english_gardens, layout_loops_ring,
          hellmonk_ecumenical_altar_blasted
D:2:      layout_rooms, basic_altar
D:3:      layout_basic, gammafunk_ghost_arena, serial_shops,
          nicolae_shop_waterfront, nicolae_shop_behind_doors, shop,
          nicolae_shop_competitors_out_of_business, shop
D:4:      layout_basic, serial_shops, nicolae_square_shop, uniq_blork_the_orc

Skill      XL: |  1  2  3  4 |
---------------+-------------+-----
Dodging        | 3 |  3.0
Stealth        | 3 |  3.0
Conjurations   | 6 |  6.1
Spellcasting   | |  2.9

Action                   |  1- 3 |  4- 6 || total
-------------------------+-------+-------++-------
 Cast: Magic Dart        |    31 |     7 ||    38
       Searing Ray       |     5 |     2 ||     7
Dodge: Dodged            |     1 |     4 ||     5
